 Dungeon Crawl Stone Soup version 0.32-a0-938-g40ac7a0f4d (webtiles) character file.

Game seed: 1977427687356809672

73 Fodor the Covered (level 4, -2/40 HPs)
             Began as a Minotaur Fighter on Apr 15, 2024.
             Slain by a gnoll
             ... wielding a +0 spear
              (6 damage)
             ... on level 2 of the Dungeon.
             The game lasted 00:03:50 (974 turns).

Fodor the Covered (Minotaur Fighter)                 Turns: 974, Time: 00:03:50

Health: -2/40      AC:  7    Str: 23    XL:     4   Next: 8%
Magic:  3/3        EV:  8    Int:  5    God:
Gold:   53         SH:  4    Dex:  9    Spells: 3/3 levels left

rFire   . . .        a - +0 war axe
rCold   . . .        c - +0 buckler
rNeg    . . .        b - +0 scale mail
rPois   .            (helmet restricted)
rElec   .            (no cloak)
rCorr   .            (no gloves)
SInv    .            (no boots)
Will    .....        (no amulet) Stlth
                     (no ring)
HPRegen 0.26/turn    (no ring)
MPRegen 0.08/turn

%: no passive effects
@: no status effects
A: horns 2, retaliatory headbutt
a: no special abilities


You were on level 2 of the Dungeon.
You visited 1 branch of the dungeon, and saw 2 of its levels.

You collected 53 gold pieces.

Inventory:

Hand Weapons
 a - a +0 war axe (weapon)
Armour
 b - a +0 scale mail (worn)
 c - a +0 buckler (worn)
Scrolls
 e - 2 scrolls of identify {unknown}
 g - a scroll of butterflies {unknown}
 h - 2 scrolls of teleportation {unknown}
 i - a scroll of poison {unknown}
 k - a scroll of acquirement {unknown}
 m - a scroll of amnesia {unknown}
Potions
 d - a potion of might
 f - a potion of mutation {unknown}
 j - a potion of enlightenment {unknown}
 l - a potion of invisibility {unknown}
 n - 2 potions of brilliance {unknown}


   Skills:
 + Level 4.1 Fighting
 + Level 3.3 Axes
 + Level 4.4 Armour
 + Level 4.4 Shields


You had 3 spell levels left.
You didn't know any spells.
Your spell library contained the following spells:

 Spells                   Type           Power      Damage    Failure   Level
 Magic Dart               Conj           0%         1d3       83%         1
 Blink                    Tloc           0%         N/A       93%         2
 Call Imp                 Summ           0%         N/A       93%         2


Dungeon Overview and Level Annotations

Branches:
Dungeon (2/15)

Altars:


Innate Abilities, Weirdness & Mutations

You have a pair of horns on your head.
You reflexively headbutt those who attack you in melee.


Message History

The gnoll hits you but does no damage. The gnoll hits you with a +0 spear.
* * * LOW HITPOINT WARNING * * *
The gnoll barely misses you. The gnoll barely misses you.
You hit the gnoll but do no damage.
The gnoll is severely wounded.
The gnoll hits you with a +0 spear.
* * * LOW HITPOINT WARNING * * *
You hit the gnoll.
You kill the gnoll!
You have reached level 4!
You feel stronger.
You hit the goblin.
You kill the goblin!
You block the bat's attack. The bat hits you but does no damage.
You block the gnoll's attack.
Items here: $ )) [ †.
You barely miss the bat. The bat hits you but does no damage.
The gnoll hits you but does no damage. The gnoll closely misses you.
You block the bat's attack.
You barely miss the bat. The bat hits you.
* * * LOW HITPOINT WARNING * * *
The bat barely misses you. The gnoll closely misses you.
You closely miss the bat. You headbutt the bat, but do no damage.
You block the bat's attack. The gnoll closely misses you. The bat hits you.
* * * LOW HITPOINT WARNING * * *
The gnoll hits you from afar with a +0 spear.
* * * LOW HITPOINT WARNING * * *
You miss the bat. The bat misses you. The bat barely misses you.
You block the gnoll's attack.
Unknown command.
You barely miss the bat. The bat barely misses you. x2
You block the gnoll's attack.
You miss the bat. The bat completely misses you.
The bat hits you but does no damage. The gnoll closely misses you.
The gnoll barely misses you.
You barely miss the bat. Your headbutt misses the bat.
You block the bat's attack. The bat hits you but does no damage.
The gnoll hits you from afar with a +0 spear.
You die...

##.##
#
#...#
#...#
#...#
##.##
#.#
#.#
#.#
#@#
#b#
#g#
#.#
#)#
#.#
#..#
.<.#
.....


You could see a gnoll and a bat.

Vanquished Creatures
  2 gnolls (D:2)
  2 adders (D:2)
  A ribbon worm (D:2)
  2 ball pythons (D:1)
  3 bats
  An endoplasm (D:1)
  A giant cockroach (D:1)
  4 goblins
  4 hobgoblins
  6 kobolds
  A frilled lizard (D:1)
  6 rats
33 creatures vanquished.

Notes
Turn   | Place    | Note
-------+----------+-------------------------------------------
     0 | D:1      | Fodor the Minotaur Fighter began the quest for the Orb.
     0 | D:1      | Reached XP level 1. HP: 19/19 MP: 0/0
    14 | D:1      | Found a faded altar of an unknown god.
    45 | D:1      | Reached XP level 2. HP: 26/27 MP: 1/1
   664 | D:2      | Reached XP level 3. HP: 33/33 MP: 2/2
   966 | D:2      | Reached XP level 4. HP: 5/40 MP: 3/3
   970 | D:2      | HP: 2/40 [gnoll/+0 spear (2)]
   974 | D:2      | Slain by a gnoll

Illustrated notes

Levels and vault maps discovered:
D:1:      wander_arrival_desolate, layout_loops_cross,
          hellmonk_ecumenical_altar_pennies_from_heaven
D:2:      layout_loops_ring

Skill      XL: |  1  2  3 |
---------------+----------+-----
Fighting       | 4 |  4.1
Armour         | 4 |  4.4
Shields        | 4 |  4.4
Axes           | 3 |  3.3

Action                     |  1- 3 |  4- 6 || total
---------------------------+-------+-------++-------
  Melee: War axe           |    78 |     8 ||    86
         Headbutt          |     7 |     1 ||     8
 Armour: Scale mail        |    81 |     9 ||    90
  Dodge: Dodged            |    48 |    11 ||    59
  Block: Buckler           |    28 |     7 ||    35

Table legend: (Time is in decaauts)
 A = Elapsed time spent in this place.
 B = Non-inter-level travel time spent in this place.
 C = Inter-level travel time spent in this place.
 D = Time resting spent in this place.
 E = Time spent auto-exploring this place.
 F = Levels seen in this place.
 G = Mean time per level.
                   A        B        C        D        E       F      G
               +--------+--------+--------+--------+--------+-----+--------+
         Total |   1009 |   1009 |      0 |     55 |    503 |   2 |  504.5 |
       Dungeon |   1009 |   1009 |      0 |     55 |    503 |   2 |  504.5 |
               +--------+--------+--------+--------+--------+-----+--------+

Top non-repeatable levels by time:
     D:1: 616 daAuts
     D:2: 392 daAuts
